 Dungeon Crawl Stone Soup version 0.31.0-32-g396128a36d (webtiles) character file.

Game seed: 11973423110933831432

575 RatsInWalls the Ducker (level 7, -1/52 HPs)
             Began as a Human Wanderer on Mar 10, 2024.
             Killed by divine providence
             ... invoked by an orc priest
              (16 damage)
             ... on level 5 of the Dungeon.
             The game lasted 00:15:04 (4368 turns).

RatsInWalls the Ducker (Human Wanderer)             Turns: 4368, Time: 00:15:04

Health: -1/52      AC:  6    Str: 10    XL:     7   Next: 35%
Magic:  11/11      EV: 14    Int: 13    God:
Gold:   185        SH:  0    Dex: 16    Spells: 8/12 levels left

rFire   . . .        i - +2 whip (venom)
rCold   . . .        (no shield)
rNeg    . . .        d - +2 leather armour
rPois   .            (no helmet)
rElec   .            k - +0 cloak
rCorr   .            (no gloves)
SInv    .            (no boots)
Will    .....        (no amulet)
Stlth   ++           (no ring)
HPRegen 0.28/turn    (no ring)
MPRegen 0.12/turn

%: no passive effects
@: no status effects
A: explore regen
a: no special abilities


You were on level 5 of the Dungeon.
You visited 1 branch of the dungeon, and saw 5 of its levels.

You collected 240 gold pieces.
You spent 55 gold pieces at shops.

Inventory:

Hand Weapons
 f - a +1 dagger of speed
 h - a +0 whip of electrocution
 i - a +2 whip of venom (weapon)
Missiles
 c - 4 javelins
Armour
 d - a +2 leather armour (worn)
 k - a +0 cloak (worn)
 t - a +3 chain mail
Wands
 o - a wand of paralysis (10)
Scrolls
 a - 2 scrolls of vulnerability
 j - 2 scrolls of teleportation
 l - a scroll of identify
 q - a scroll of brand weapon {unknown}
 r - a scroll of enchant armour {unknown}
 u - a scroll of fear
Potions
 b - a potion of degeneration {unknown}
 e - 2 potions of attraction
 m - a potion of haste {unknown}
 n - a potion of heal wounds {unknown}
 p - a potion of lignification {unknown}
 s - a potion of cancellation {unknown}


   Skills:
 + Level 3.4 Fighting
 - Level 0.2 Short Blades
 + Level 2.8 Maces & Flails
 - Level 2.2 Armour
 + Level 5.3 Dodging
 - Level 1.3 Stealth
 + Level 3.0 Spellcasting
 + Level 3.8 Ice Magic
 - Level 1.2 Evocations


You had 8 spell levels left.
You knew the following spells:

 Your Spells              Type           Power      Damage    Failure   Level
a - Freeze                Ice            44%        1d6       6%          1
b - Hailstorm             Conj/Ice       6%         3d5       38%         3

Your spell library contained the following spells:

 Spells                   Type           Power      Damage    Failure   Level
 Necrotise                Necr           4%         1d4       30%         1
 Lesser Beckoning         Tloc           2%         N/A       41%         2
 Gell's Gravitas          Tloc           1%         N/A       65%         3
 Teleport Other           Tloc           1%         N/A       65%         3
 Vampiric Draining        Necr           1%         2d6       65%         3
 Martyr's Knell           Necr/Summ      1%         N/A       96%         4
 Curse of Agony           Necr           1%         N/A       100%        5


Dungeon Overview and Level Annotations

Branches:
Dungeon (5/15)
 Temple: D:4-7

Altars:

Shops:
D:3 *!!=

Annotations:
D:5 3 runed translucent doors, jkubb29's ghost, amateur DsNe


Innate Abilities, Weirdness & Mutations

You regain HP and MP as you explore.


Message History

Menkaure is severely damaged.
Menkaure completely misses you. Menkaure barely misses you.
Press: ? - help, v - describe, . - travel
Here: Menkaure (severely damaged, fast)
The floor.
You feel better. Menkaure hits you!
* * * LOW HITPOINT WARNING * * *
You closely miss Menkaure.
Menkaure is severely damaged.
Menkaure barely misses you.
You hit Menkaure.
Menkaure is almost destroyed.
Menkaure barely misses you.
You hit Menkaure.
You destroy Menkaure!
Your Spellcasting skill increases to level 3!
You hit the orc.
The orc is poisoned.
The orc is severely wounded.
The orc hits you with a +0 morningstar.
* * * LOW HITPOINT WARNING * * *
You hit the orc.
You kill the orc!
You start resting.
An orc priest is nearby!
An orc priest is nearby!
An iguana comes into view.
The iguana hisses angrily.
The orc priest shouts!
You hit the orc priest but do no damage.
The orc priest hits you but does no damage.
You hit the orc priest.
The orc priest is moderately wounded.
The orc priest closely misses you.
You hit the orc priest but do no damage.
The orc priest is moderately wounded.
The orc priest hits you but does no damage.
You whack the orc priest!
The orc priest is severely wounded.
The orc priest invokes the aid of Beogh against you.
Beogh smites you!
You die...

... #................
#..######....?..o######
##..#............#....
......#..##......#.. ...#
.....l..)###.....+.....|.#
#.......# #.....+..$..?.#
...##....###.....+f......#
?.........o......#fY.....#
.........@##.....#Wo.....#
#####............#########
########..............
#..............
#..).......####
#........### ##########


You could see an iguana and an orc priest.

Vanquished Creatures
  Menkaure (D:5)
  Blork the orc (D:4)
  A hound (D:4)
  2 orc priests (D:3)
  An iguana (D:4)
  2 orc wizards
  7 adders
  A gnoll (D:1)
  2 dart slugs
  6 ribbon worms
  20 orcs
  11 ball pythons
  6 endoplasms
  4 giant cockroaches
  9 goblins
  7 hobgoblins
  2 jackals (D:3)
  6 quokkas
  7 bats
  2 frilled lizards
  8 kobolds
  6 rats
112 creatures vanquished.

Notes
Turn   | Place    | Note
-------+----------+-------------------------------------------
     0 | D:1      | RatsInWalls the Human Wanderer began the quest for the Orb.
     0 | D:1      | RatsInWalls set off with the following items: a +0 dagger,
                  | a potion of curing, a scroll of fear, a +2 leather armour;
                  | and the following spell memorised: Freeze; and the
                  | following spells available to memorise: Hailstorm.
     0 | D:1      | Reached XP level 1. HP: 15/15 MP: 2/2
   293 | D:1      | Reached XP level 2. HP: 20/21 MP: 3/3
   692 | D:1      | Reached XP level 3. HP: 21/27 MP: 3/5
   966 | D:2      | HP: 1/27 [poisoned by a kobold]
  1132 | D:2      | Reached skill level 1 in Armour
  1274 | D:2      | You fall into a shaft and drop 1 floor!
  1277 | D:3      | Found Metad's General Store.
  1286 | D:3      | Reached XP level 4. HP: 33/33 MP: 6/6
  1319 | D:3      | Bought a scroll of identify for 22 gold pieces
  1385 | D:3      | Reached skill level 1 in Maces & Flails
  1539 | D:3      | Reached XP level 5. HP: 16/38 MP: 6/8
  2294 | D:2      | Identified the +2 barding "Peskoi" {rElec rCorr Int-3
                  | Dex-4}
  2455 | D:3      | Bought a scroll of teleportation for 33 gold pieces
  2487 | D:3      | Found Coiwot's Distillery.
  2543 | D:3      | Reached XP level 6. HP: 21/46 MP: 9/9
  2693 | D:3      | Found Cedac's Distillery.
  2893 | D:3      | Found Doegab's Jewellery Boutique.
  3340 | D:4      | Noticed Blork the orc
  3359 | D:4      | Killed Blork the orc
  3360 | D:4      | Reached skill level 1 in Stealth
  3608 | D:4      | Learned a level 3 spell: Hailstorm
  4207 | D:5      | Entered Level 5 of the Dungeon
  4240 | D:5      | Found a runed translucent gate.
  4241 | D:5      | Found a runed translucent gate.
  4260 | D:4      | Reached XP level 7. HP: 41/52 MP: 11/11
  4303 | D:5      | Noticed a yak
  4304 | D:5      | Found a runed translucent gate.
  4304 | D:5      | Noticed jkubb29's ghost (amateur DsNe)
  4320 | D:5      | Noticed Menkaure
  4345 | D:5      | Killed Menkaure
  4368 | D:5      | Killed from afar by an orc priest

Illustrated notes

Levels and vault maps discovered:
D:1:      lightli_arrival_quake, layout_loops_ring
D:2:      layout_basic, serial_curves, eino_curves_02, eino_curves_01,
          minmay_nonomino_d4
D:3:      cheibrodos_pilgrimage, layout_loops_cross, serial_shops,
          nicolae_shop_industrial_runoff, nicolae_shop_window_shopping, shop,
          shop, st_stairs_9
D:4:      layout_loops_ring, nicolae_houndstooth_variations, uniq_blork_the_orc
D:5:      layout_rooms, gammafunk_ghost_split, uniq_menkaure, uniq_sigmund

Skill      XL: |  1  2  3  4  5  6  7 |
---------------+----------------------+-----
Armour         | 1 2 |  2.2
Fighting       | 2 3 |  3.4
Maces & Flails | 1 2 |  2.8
Spellcasting   | 2 3 |  3.0
Ice Magic      | 3 |  3.8
Stealth        | 1 |  1.3
Short Blades   | |  0.2
Dodging        | |  5.3
Evocations     | |  1.2

Action                     |  1- 3 |  4- 6 |  7- 9 || total
---------------------------+-------+-------+-------++-------
  Melee: Dagger            |    71 |       |       ||    71
         Whip              |    72 |   259 |    19 ||   350
         Punch             |       |     5 |       ||     5
   Cast: Freeze            |     1 |       |       ||     1
    Use: Scroll            |     1 |     3 |       ||     4
         Potion            |       |     1 |     1 ||     2
   Stab: Sleeping          |       |     1 |       ||     1
 Armour: Leather armour    |    75 |   142 |     7 ||   224
  Dodge: Dodged            |    85 |   176 |     6 ||   267
